 Dungeon Sprint DCSS version 0.30-a0-585-g93115170b9 (webtiles) character file.

Game seed: 17724156959515567454

800000 mhtbhm the Chopper (level 1, -28/19 HPs)
             Began as a Minotaur Monk on Jan 1, 2023.
             Was a Believer of Makhleb.
             Annihilated by a bag of meat
             ... wielding a +9 war axe
              (30 damage)
             ... in the Dungeon (Sprint VIII: "Arena of Blood").
             The game lasted 00:00:23 (8 turns).

mhtbhm the Chopper (Minotaur Monk)                     Turns: 8, Time: 00:00:23

Health: -28/19     AC:  2    Str: 15    XL:     1   Next: 0%
Magic:  0/0        EV: 12    Int:  7    God:    Makhleb [**....]
Gold:   0          SH:  0    Dex: 12    Spells: 0/0 levels left

rFire   . . .      SeeInvis .    j - +∞ Axe of Woe
rCold   . . .      Faith    .    (shield currently unavailable)
rNeg    . . .      Spirit   .    b - +0 robe
rPois   .          Reflect  .    (helmet restricted)
rElec   .          Harm     .    (no cloak)
rCorr   .          Rampage  .    (no gloves)
Will    .....      NoTele   +    (no boots)
Stlth   ++                       (no amulet)
HPRegen 0.23/turn                (no ring)
MPRegen 0.07/turn                (no ring)

@: no status effects
A: horns 2, retaliatory headbutt
a: Renounce Religion, Minor Destruction


You were in the Dungeon.
You worshipped Makhleb.
Makhleb was pleased with you.
You visited 1 branch

Inventory:

Hand Weapons
 a - a +0 hand axe
 j - the +∞ Axe of Woe (weapon)
   (You found it in the Dungeon)
Armour
 b - a +0 robe (worn)
Scrolls
 i - a scroll of blinking
Potions
 c - a potion of ambrosia
 d - a potion of curing
 e - a potion of heal wounds
 f - a potion of haste
 g - 2 potions of magic
 h - a potion of berserk rage


   Skills:
 + Level 3.6 Fighting
 + Level 3.6 Axes
 + Level 3.2 Dodging
 + Level 1.5 Stealth


You couldn't memorise any spells.
You didn't know any spells.
Your spell library was empty.

Dungeon Overview and Level Annotations

Branches:
Dungeon (1/1)

Altars:
Makhleb


Innate Abilities, Weirdness & Mutations

You have a pair of horns on your head.
You reflexively headbutt those who attack you in melee.


Message History

j - the +∞ Axe of Woe (weapon)
You hear a shout! x5
A bag of meat comes into view. It is wielding a +9 war axe.
You hear a shout! x3
You hear a shout! x5
There is a burning altar of Makhleb here.
You kneel at the altar of Makhleb.
Makhleb welcomes you!
You can now gain health from killing.
You can now harness Makhleb's destructive might.
You hear a shout! x11
A bag of meat comes into view. It is wielding a +9 war axe.
The bag of meat shouts! x2; You hear a shout! x7
A meat berserker comes into view. It is wielding a +9 battleaxe.
You hear a shout! x3
A bag of meat comes into view. It is wielding a +9 war axe.
A bag of meat comes into view. It is wielding a +9 war axe.
The bag of meat shouts!
You hear a shout! x4
A bag of meat comes into view. It is wielding a +9 war axe.
You hear a shout! x4
The bag of meat shouts!
You hear a shout!
The meat berserker rages.
You hear a shout!
The bag of meat hits you with a +9 war axe!
Ouch! That really hurt!
* * * LOW HITPOINT WARNING * * *
You slice the bag of meat!!
You fatally mangle the bag of meat.
You kill the bag of meat!
Makhleb accepts your kill.
You hit the bag of meat.
You butcher the bag of meat messily.
You kill the bag of meat!
Makhleb accepts your kill.
You feel better.
You hear a shout! x7
The meat berserker hits you with a +9 battleaxe!
Ouch! That really hurt!
* * * LOW HITPOINT WARNING * * *
The bag of meat hits you with a +9 war axe!!
Ouch! That really hurt!
You die...

#... .# .#... #...
..# .....###...
..###.
..........###......
..#........_......
#.......#.....#
........#_.<._#
#.......#.....#.
#..oo@..._......
.......Oo.###......
.....###.......###.
.... #.......# ...
#.......# ..
......... .
......... .........


You could see a meat berserker (berserk) and 3 bags of meat.

Vanquished Creatures
  2 orcs (D)
2 creatures vanquished.

Notes
Turn   | Place    | Note
-------+----------+-------------------------------------------
     0 | D        | Found the +∞ Axe of Woe
     0 | D        | mhtbhm the Minotaur Monk began the quest for the Orb.
     0 | D        | Reached XP level 1. HP: 19/19 MP: 0/0
     2 | D        | Noticed a bag of meat
     4 | D        | Became a worshipper of Makhleb the Destroyer
     4 | D        | Reached * piety under Makhleb
     4 | D        | Reached ** piety under Makhleb
     5 | D        | Noticed a bag of meat
     5 | D        | Noticed a meat berserker
     5 | D        | Noticed a bag of meat
     6 | D        | Noticed a bag of meat
     6 | D        | Noticed a bag of meat
     8 | D        | Killed a bag of meat
     8 | D        | Killed a bag of meat
     8 | D        | Annihilated by a bag of meat

Illustrated notes

Levels and vault maps discovered:
D:        meatsprint

Action                   || total
-------------------------++-------
Melee: Executioner's axe ||     1

Table legend: (Time is in decaauts)
 A = Elapsed time spent in this place.
 B = Non-inter-level travel time spent in this place.
 C = Inter-level travel time spent in this place.
 D = Time resting spent in this place.
 E = Time spent auto-exploring this place.
 F = Levels seen in this place.
 G = Mean time per level.
                   A        B        C        D        E       F      G
               +--------+--------+--------+--------+--------+-----+--------+
         Total |      7 |      7 |      0 |      0 |      0 |   1 |    7.0 |
       Dungeon |      7 |      7 |      0 |      0 |      0 |   1 |    7.0 |
               +--------+--------+--------+--------+--------+-----+--------+

Top non-repeatable levels by time:
       D: 7 daAuts
